 Dungeon Crawl Stone Soup version 0.31-a0-1010-g5322dac6a2 (webtiles) character file.

Game seed: 1424885110018448751

15 protoss039 the Digger (level 2, 21/21 HPs)
             Began as a Demonspawn Earth Elementalist on Nov 16, 2023.
             Got out of the dungeon alive.
             The game lasted 00:00:40 (519 turns).

protoss039 the Digger (DsEE)                         Turns: 519, Time: 00:00:40

Health: 21/21      AC:  2    Str:  8    XL:     2   Next: 34%
Magic:  5/5        EV: 12    Int: 16    God:
Gold:   20         SH:  0    Dex: 13    Spells: 4/5 levels left

rFire   . . .        h - +0 dagger (elec)
rCold   . . .        (no shield)
rNeg    . . .        a - +0 robe
rPois   .            (no helmet)
rElec   .            (no cloak)
rCorr   .            (no gloves)
SInv    .            (no boots)
Will    .....        (no amulet)
Stlth   ++           (no ring)
HPRegen 0.23/turn    (no ring)
MPRegen 0.09/turn

%: no passive effects
@: no status effects
A: weakness stinger 1
a: no special abilities


You escaped.
You visited 1 branch of the dungeon, and saw 1 of its levels.

You collected 20 gold pieces.

Inventory:

Hand Weapons
 h - a +0 dagger of electrocution (weapon)
Armour
 a - a +0 robe (worn)
Scrolls
 c - a scroll of enchant armour {unknown}
 d - 2 scrolls of enchant weapon {unknown}
 f - a scroll of poison {unknown}
Potions
 b - a potion of magic
 e - a potion of enlightenment {unknown}
 g - a potion of resistance {unknown}


   Skills:
 + Level 1.1 Fighting
 - Level 1.7 Dodging
 - Level 1.7 Stealth
 + Level 2.3 Spellcasting
 - Level 0.8 Transmutations
 + Level 2.9 Earth Magic


You had 4 spell levels left.
You knew the following spells:

 Your Spells              Type           Power      Damage    Failure   Level
a - Sandblast             Erth           22%        2d7       6%          1

Your spell library contained the following spells:

 Spells                   Type           Power      Damage    Failure   Level
 Passwall                 Tmut/Erth      5%         N/A       14%         2
 Stone Arrow              Conj/Erth      12%        3d7       32%         3
 Petrify                  Tmut/Erth      7%         N/A       67%         4
 Brom's Barrelling Bould  Conj/Erth      6%         2d3       73%         4


Dungeon Overview and Level Annotations

Branches:
Dungeon (1/15) Zot: 5474

Altars:


Innate Abilities, Weirdness & Mutations

You have a small tail.


Message History

The quokka bites you. The quokka closely misses you.
Unknown command.
Casting: Sandblast (safe; 6% risk of failure)
Confirm with . or Enter, or press ? or * to list all spells.
Aiming: Sandblast (safe; 6% risk of failure)
Press: ? - help, Shift-Dir - straight line, f/p - kobold
Aim: a kobold, wielding a +0 club and quivering stones (77% to hit)
The blast of sand hits the quokka.
You kill the quokka!
The kobold misses you.
Unknown command.
Casting: Sandblast (safe; 6% risk of failure)
Confirm with . or Enter, or press ? or * to list all spells.
Aiming: Sandblast (safe; 6% risk of failure)
Press: ? - help, Shift-Dir - straight line, f/p - kobold
Aim: a kobold, wielding a +0 club and quivering stones (77% to hit)
The blast of sand hits the kobold!
You kill the kobold!
Unknown command.
Casting: Sandblast (safe; 6% risk of failure)
Confirm with . or Enter, or press ? or * to list all spells.
You don't have enough magic to cast this spell.
Unknown command.
Unknown command.
You hit the kobold but do no damage. The kobold hits you with a +0 club.
You hit the kobold but do no damage. The kobold hits you with a +0 club.
You hit the kobold but do no damage. Lightning courses through the kobold!!
You kill the kobold!
Items here: ( ))) ††††.
Found 15 gold pieces.
Items here: ( ))) ††††.
Okay, then.
You now have 20 gold pieces (gained 15).
Unknown command.
Items here: ( ))) ††††.
You open the door.
There is an open door here.
There is an open door here.
There is a staircase leading out of the dungeon here.
You have escaped!

###'#######....#
############...........##.###
...........................>#
######.####..............#.#
#...####'#######.##...#
#.#'####.##### #.##.#.#
#.##..##.....# #.##.#.#
#.#'#'######.# #....#.#
#...#..@# #.########.#
#.#+#'### #.......##.#
#.##..# #######.##.# #.#+###
#.##.# #.. #.##.# ### #.##.#
#.##.# #.##.# #.##.#


There were no monsters in sight!

Vanquished Creatures
  2 endoplasms (D:1)
  A goblin (D:1)
  3 hobgoblins (D:1)
  3 kobolds (D:1)
  A quokka (D:1)
  A ball python (D:1)
  A bat (D:1)
  A frilled lizard (D:1)
13 creatures vanquished.

Notes
Turn   | Place    | Note
-------+----------+-------------------------------------------
     0 | D:1      | protoss039 the Demonspawn Earth Elementalist began the
                  | quest for the Orb.
     0 | D:1      | Reached XP level 1. HP: 13/13 MP: 3/3
   391 | D:1      | Gained mutation: You have a small tail. [demonic ancestry]
   391 | D:1      | Reached XP level 2. HP: 15/20 MP: 5/5
   394 | D:1      | Reached skill level 1 in Fighting
   519 | D:$      | Got out of the dungeon alive.

Illustrated notes

Levels and vault maps discovered:
D:1:      erik_arrival_triangle_small, layout_basic

Skill      XL: |  1  2 |
---------------+-------+-----
Fighting       | 1 |  1.1
Dodging        | |  1.7
Stealth        | |  1.7
Spellcasting   | |  2.3
Transmutations | |  0.8
Earth Magic    | |  2.9

Action                     || total
---------------------------++-------
  Melee: Dagger            ||    15
         Unarmed           ||     4
   Cast: Sandblast         ||    14
 Armour: Robe              ||    14
  Dodge: Dodged            ||    15

Table legend: (Time is in decaauts)
 A = Elapsed time spent in this place.
 B = Non-inter-level travel time spent in this place.
 C = Inter-level travel time spent in this place.
 D = Time resting spent in this place.
 E = Time spent auto-exploring this place.
 F = Levels seen in this place.
 G = Mean time per level.
                   A        B        C        D        E       F      G
               +--------+--------+--------+--------+--------+-----+--------+
         Total |    525 |    418 |    107 |      0 |    329 |   1 |  525.0 |
       Dungeon |    525 |    418 |    107 |      0 |    329 |   1 |  525.0 |
               +--------+--------+--------+--------+--------+-----+--------+

Top non-repeatable levels by time:
     D:1: 525 daAuts
